 Dungeon Crawl Stone Soup version 0.25.1-1-g288607f5aa (webtiles) character file.

Game seed: 7252723699604568444

690059 protoss039 the Conqueror (level 27, -3/245 HPs)
             Began as a Minotaur Fighter on July 18, 2020.
             Was an Elder of the Shining One.
             Slain by an azure jelly (6 damage)
             ... created by the Royal Jelly
             ... on level 5 of the Pits of Slime on July 19, 2020.
             The game lasted 05:43:14 (64652 turns).

protoss039 the Conqueror (Minotaur Fighter)        Turns: 64652, Time: 05:43:15

Health: -3/245     AC: 29    Str: 30    XL:     27
Magic:  28/36      EV:  9    Int: 13    God:    the Shining One [****..]
Gold:   12948      SH: 37    Dex: 10    Spells: 26/26 levels left

rFire    + + +     SeeInvis .   F - +9 broad axe of Rubbish {venom, rPois MP+9 Int+2}
rCold    + + +     Gourm    .   E - +5 kite shield {rF+}
rNeg     + + +     Faith    .   O - +9 plate armour of the Eight Boll Weevils {rF+ Int+4 Slay+3}
rPois    +         Spirit   .   T - +0 hat {MR+}
rElec    +         Reflect  .   w - scarf {rC+ rF+}
rCorr    +         Harm     .   X - +1 pair of gloves
MR       +++..     Rnd*Tele +   u - +2 pair of boots
Stlth    ..........             P - amulet of regeneration
HPRegen  0.90/turn              D - ring "Nipicw" {rPois rC++ rN++ Int+2}
MPRegen  0.25/turn              k - ring of resist corrosion

@: divine shield, corroded, glowing
A: retaliatory headbutt, horns 2, blurry vision 1, clumsy 1, deformed body,
frail 1, low mp 2, screaming 2, electricity resistance, teleportitis 1, weak 1,
subdued magic 1
}: 3/15 runes: decaying, serpentine, silver
a: Divine Shield, Cleansing Flame, Renounce Religion


You were on level 5 of the Pits of Slime.
You worshipped the Shining One.
The Shining One was greatly pleased with you.
You were near starving.

You visited 9 branches of the dungeon, and saw 49 of its levels.
You also visited: Bailey.

You collected 15402 gold pieces.
You spent 2454 gold pieces at shops.

Inventory:

Hand Weapons
 d - the +11 mace of Dimnoakhlon {antimagic, rC++}
   (You took it off a yaktaur on level 5 of the Vaults)

   It reduces the magical energy of the wielder, and disrupts the spells and
   magical abilities of those hit.
   Natural abilities and divine invocations are not affected.
   It greatly protects you from cold.
 x - a +4 eudemon blade of holy wrath
 F - the +9 broad axe of Rubbish (weapon) {venom, rPois MP+9 Int+2}
   (Okawaru gifted it to you on level 11 of the Dungeon)

   It poisons the flesh of those it strikes.
   It affects your intelligence (+2).
   It protects you from poison.
   It affects your magic capacity (+9).
Armour
 s - a +1 cloak of magic resistance
 u - a +2 pair of boots (worn)
 w - a scarf of resistance (worn)
 E - a +5 kite shield of fire resistance (worn)
 O - the +9 plate armour of the Eight Boll Weevils (worn) {rF+ Int+4 Slay+3}
   (You acquired it on level 14 of the Dungeon)

   It affects your intelligence (+4).
   It affects your accuracy and damage with ranged weapons and melee attacks
   (+3).
   It protects you from fire.
 T - a +0 hat of magic resistance (worn)
 X - a +1 pair of gloves (worn)
Jewellery
 k - a ring of resist corrosion (right hand)
 y - an uncursed ring of protection from magic
 D - the ring "Nipicw" (left hand) {rPois rC++ rN++ Int+2}
   (You took it off a fire giant on level 5 of the Vaults)

   [ring of poison resistance]

   It affects your intelligence (+2).
   It greatly protects you from cold.
   It protects you from poison.
   It greatly protects you from negative energy.
 N - an uncursed ring of see invisible
 P - an amulet of regeneration (around neck)
 U - the ring of Rant {+Fly rElec rN+++ Str+6 Int-2}
   (You took it off a deep elf mage on level 3 of the Elven Halls)

   [ring of strength]

   It affects your strength (+6).
   It affects your intelligence (-2).
   It insulates you from electricity.
   It renders you almost immune to negative energy.
   It lets you fly.
Wands
 c - a wand of digging (4)
 r - a wand of polymorph (45)
 B - a wand of iceblast (7)
 C - a wand of paralysis (39)
 I - a wand of flame (79)
 Z - a wand of acid (42)
Scrolls
 a - 8 scrolls of fog
 l - 4 scrolls of immolation
 m - 3 scrolls of fear
 n - 7 scrolls of magic mapping
 o - 22 scrolls of remove curse
 p - 6 scrolls of enchant armour
 q - 23 scrolls of teleportation
 v - 13 scrolls of amnesia
 J - 15 scrolls of identify
 L - a scroll of blinking
 Q - 6 scrolls of holy word
 R - 7 scrolls of enchant weapon
Potions
 b - 8 potions of haste
 g - 31 potions of curing
 i - 3 potions of cancellation
 j - 2 potions of might
 t - 5 potions of mutation
 z - 12 potions of heal wounds
 A - 13 potions of lignification
 G - 4 potions of brilliance
 H - a potion of berserk rage
 K - 2 potions of magic
 M - 6 potions of flight
 S - 4 potions of ambrosia
 Y - 2 potions of resistance
Comestibles
 f - 76 rations


   Skills:
 O Level 27 Fighting
   Level 0.3 Short Blades
 - Level 23.0(23.4) Axes
 - Level 9.0(17.5) Maces & Flails
 O Level 27 Armour
 O Level 27 Shields
 * Level 16.4 Invocations


You had 26 spell levels left.
You didn't know any spells.
Your spell library contained the following spells:

 Spells                   Type           Power        Failure   Level  Hunger
 Animate Skeleton         Necr           N/A          58%         1    ##.....
 Corona                   Hex            #......      58%         1    ##.....
 Foxfire                  Conj/Fire      #...         58%         1    ##.....
 Infusion                 Chrm           #...         58%         1    ##.....
 Magic Dart               Conj           #...         58%         1    ##.....
 Pain                     Necr           #...         58%         1    ##.....
 Sandblast                Erth           #.....       58%         1    ##.....
 Shock                    Conj/Air       #...         58%         1    ##.....
 Sting                    Tmut/Pois      #...         58%         1    ##.....
 Blink                    Tloc           N/A          73%         2    ###....
 Call Imp                 Summ           #.......     73%         2    ###....
 Corpse Rot               Necr/Air       N/A          73%         2    ###....
 Ensorcelled Hibernation  Hex/Ice        #.....       73%         2    ###....
 Passwall                 Tmut/Erth      #.......     73%         2    ###....
 Poisonous Vapours        Pois/Air       #.....       73%         2    ###....
 Searing Ray              Conj           #.....       73%         2    ###....
 Shroud of Golubria       Chrm/Tloc      #.....       73%         2    ###....
 Slow                     Hex            #.......     73%         2    ###....
 Song of Slaying          Chrm           #.......     73%         2    ###....
 Sublimation of Blood     Necr           #.........   73%         2    ###....
 Swiftness                Chrm/Air       #.......     73%         2    ###....
 Confusing Touch          Hex            #.......     92%         3    ####...
 Conjure Flame            Conj/Fire      #.......     92%         3    ####...
 Dazzling Flash           Conj/Hex       #.....       92%         3    ####...
 Gell's Gravitas          Tloc           #.........   92%         3    ####...
 Ignite Poison            Fire/Tmut/Pois #.......     92%         3    ####...
 Mephitic Cloud           Conj/Pois/Air  #.......     92%         3    ####...
 Ozocubu's Armour         Chrm/Ice       #.......     92%         3    ####...
 Portal Projectile        Hex/Tloc       #.....       92%         3    ####...
 Recall                   Summ/Tloc      N/A          92%         3    ####...
 Spectral Weapon          Hex/Chrm       #.......     92%         3    ####...
 Static Discharge         Conj/Air       #.......     92%         3    ####...
 Tukima's Dance           Hex            #.......     92%         3    ####...
 Vampiric Draining        Necr           #.........   92%         3    ####...
 Airstrike                Air            #.........   100%        4    #####..
 Animate Dead             Necr           N/A          100%        4    #####..
 Cause Fear               Hex            #.........   100%        4    #####..
 Dispel Undead            Necr           #.......     100%        4    #####..
 Fulminant Prism          Conj/Hex       #.........   100%        4    #####..
 Ice Form                 Ice/Tmut       #.......     100%        4    #####..
 Iskenderun's Mystic Bla  Conj/Tloc      #.......     100%        4    #####..
 Leda's Liquefaction      Hex/Erth       #.........   100%        4    #####..
 Olgreb's Toxic Radiance  Pois           #.......     100%        4    #####..
 Petrify                  Tmut/Erth      #.......     100%        4    #####..
 Sticky Flame             Conj/Fire      #.......     100%        4    #####..
 Summon Lightning Spire   Summ/Air       #.......     100%        4    #####..
 Agony                    Necr           #.......     100%        5    ######.
 Alistair's Intoxication  Tmut/Pois      #.......     100%        5    ######.
 Bolt of Magma            Conj/Fire/Erth #.........   100%        5    ######.
 Borgnjor's Vile Clutch   Necr/Erth      #.........   100%        5    ######.
 Excruciating Wounds      Chrm/Necr      #.........   100%        5    ######.
 Fireball                 Conj/Fire      #.........   100%        5    ######.
 Irradiate                Conj/Tmut      #.........   100%        5    ######.
 Iskenderun's Battlesphe  Conj/Chrm      #.......     100%        5    ######.
 Lightning Bolt           Conj/Air       #.........   100%        5    ######.
 Metabolic Englaciation   Hex/Ice        #.........   100%        5    ######.
 Silence                  Hex/Air        #.........   100%        5    ######.
 Yara's Violent Unravell  Hex/Tmut       #.........   100%        5    ######.
 Conjure Ball Lightning   Conj/Air       #.........   100%        6    #######
 Darkness                 Hex            #.........   100%        6    #######
 Death Channel            Necr           #.........   100%        6    #######
 Dispersal                Tloc           #.........   100%        6    #######
 Freezing Cloud           Conj/Ice/Air   #.........   100%        6    #######
 Hydra Form               Tmut           #.........   100%        6    #######
 Invisibility             Hex            #.......     100%        6    #######
 Iron Shot                Conj/Erth      #.........   100%        6    #######
 Ozocubu's Refrigeration  Ice            #.........   100%        6    #######
 Shadow Creatures         Summ           N/A          100%        6    #######
 Simulacrum               Ice/Necr       #.........   100%        6    #######
 Starburst                Conj/Fire      #.........   100%        6    #######
 Statue Form              Tmut/Erth      #........    100%        6    #######
 Dragon Form              Tmut           #.........   100%        7    #######
 Haunt                    Necr/Summ      #.........   100%        7    #######
 Orb of Destruction       Conj           #.........   100%        7    #######
 Ring of Flames           Chrm/Fire      #.........   100%        7    #######
 Spellforged Servitor     Conj/Summ      #.........   100%        7    #######
 Borgnjor's Revivificati  Necr           #.........   100%        8    #######
 Chain Lightning          Conj/Air       #.........   100%        8    #######
 Controlled Blink         Tloc           N/A          100%        8    #######
 Death's Door             Chrm/Necr      #.........   100%        8    #######
 Disjunction              Tloc           #.........   100%        8    #######
 Ignition                 Fire           #.........   100%        8    #######
 Infestation              Necr           #.........   100%        8    #######
 Lehudib's Crystal Spear  Conj/Erth      #.........   100%        8    #######
 Necromutation            Tmut/Necr      #.........   100%        8    #######
 Absolute Zero            Ice            #.........   100%        9    #######
 Dragon's Call            Summ           #.........   100%        9    #######
 Fire Storm               Conj/Fire      #.........   100%        9    #######
 Shatter                  Erth           #.........   100%        9    #######
 Tornado                  Air            #.........   100%        9    #######


Dungeon Overview and Level Annotations

Branches:
Dungeon (15/15)            Temple (0/1) D:6            Lair (6/6) D:8
  Swamp (4/4) Lair:4        Snake (4/4) Lair:3        Slime (5/5) Lair:5
    Orc (2/2) D:10            Elf (3/3) Orc:2        Vaults (5/5) D:14
  Crypt (0/3) Vaults:2     Depths (5/5) D:15            Zot (0/5) Depths:5
 Bailey (visited)

Altars:
Dithmenos
Elyvilon
Fedhas
Gozag
Hepliaklqana
Makhleb
Okawaru
Qazlal
Sif Muna
Vehumet
Wu Jian
Zin
The Shining One
Beogh

Shops:
D:6 *   D:11 %   D:14 *   Orc:2 !=!}   Elf:1 ?   Snake:3 [   Snake:4 [

Portals:
Hell: Depths:1 Depths:2 Depths:3 Depths:4 Depths:5
Abyss: Depths:2 Depths:3 Depths:4
Pandemonium: Depths:3 Depths:4
Ziggurat: Depths:1

Annotations:
D:12 1 exclusion
Lair:4 exclusion: oklob plant
Swamp:3 Lernaean hydra
Slime:5 Royal Jelly


Innate Abilities, Weirdness & Mutations

You reflexively headbutt those who attack you in melee.
You have a pair of horns on your head.
Scrolls take you a little longer to read.
You are clumsy. (Dex -2)
Armour fits poorly on your strangely shaped body.
You are frail. (-10% HP)
Your magical capacity is very low. (-20% MP)
You sometimes yell uncontrollably at your foes.
You are resistant to electric shocks. (rElec)
You are occasionally teleported next to monsters.
You are weak. (Str -2)
Your spells are a little easier to cast, but a little less powerful.


Message History

The acid blob spits acid at you. The splash of acid hits you. You resist.
* * * LOW HITPOINT WARNING * * *
The acid corrodes you!
You are splashed with acid!
You resist.
* * * LOW HITPOINT WARNING * * *
The acid blob hits you!
* * * LOW HITPOINT WARNING * * *
You are splashed with acid.
You resist.
* * * LOW HITPOINT WARNING * * *
The azure jelly hits you but does no damage.
The azure jelly hits you! The Shining One protects you from harm!
The azure jelly freezes you! You resist.
The Shining One protects you from harm! The azure jelly closely misses you.
The azure jelly hits you but does no damage. x2
The azure jelly hits you.
* * * LOW HITPOINT WARNING * * *
The azure jelly freezes you. You resist.
You die...

#..#...##.#........
###..................
#....................
##....................
##.....................
#......................
###......................
##....<........JJ.........
..............JJ@J........
..............JJJJ........
..............JJJ.........
................J..^......
..........................
................#..#.###..
..............####.###
............### ..
...........##


You could see the Royal Jelly, 4 acid blobs, 4 azure jellies and 4 death oozes.

Vanquished Creatures
  Mennas (Depths:4)
  Mara (Swamp:3)
  3 juggernauts
  Bai Suzhen (Depths:3)
  Margery (Vaults:2)
  Vashnia (Snake:2)
  4 caustic shrikes
  A bone dragon (Depths:5)
  4 golden dragons
  Jory (Depths:5)
  A pearl dragon (Depths:2)
  Jorgrun (Swamp:3)
  Rupert (Lair:3)
  4 tentacled monstrosities
  20 titans
  6 liches
  2 deep elf blademasters
  5 deep elf master archers
  14 acid blobs
  Gastronok (Lair:3)
  A quicksilver dragon (Depths:4)
  Frances (Swamp:2)
  4 sphinxes
  Agnes (Elf:1)
  A thorn hunter (Swamp:2)
  Kirke (Snake:2)
  13 tengu reavers
  Donald (Snake:4)
  7 storm dragons
  A shadow dragon (Depths:4)
  5 azure jellies
  3 iron dragons
  17 nagarajas
  2 draconian knights (Depths:5)
  5 deep elf sorcerers
  24 frost giants
  An orc warlord (Vaults:4)
  24 fire giants
  Aizul (Snake:2)
  9 vault wardens
  A balrug (Depths:1)
  2 draconian shifters (Depths:5)
  Louise (Swamp:3)
  11 ironheart preservers
  3 war gargoyles
  A draconian stormcaller (Depths:5)
  An entropy weaver (Vaults:1)
  An ophan (Depths:2)
  28 very ugly things
  37 stone giants
  6 spriggan defenders
  An apis (Depths:2)
  3 green draconians
  3 vampire knights
  8 deep elf demonologists
  5 purple draconians (Depths:5)
  4 red draconians (Depths:5)
  2 white draconians
  Azrael (Elf:1)
  2 yellow draconians (Depths:4)
  5 deep elf annihilators
  18 spark wasps
  4 black draconians
  A spark wasp (shapeshifter) (Depths:4)
  Snorg (Lair:6)
  11 fire dragons
  2 jiangshi
  9 ettins
  7 death oozes
  15 ogre magi
  12 deep elf death magi
  A deep elf high priest (Elf:3)
  6 great orbs of eyes
  14 yaktaur captains
  14 ice dragons
  30 vault guards
  8 rakshasas
  8 naga warriors
  21 hydras
  4 spriggan air magi
  A hell beast (Depths:3)
  A death knight (Vaults:4)
  2 ghost crabs
  43 two-headed ogres
  2 shambling mangroves
  3 catoblepae
  30 dancing weapons
  14 centaur warriors
  A vampire mage (Depths:2)
  22 alligators
  4 death yaks (Lair:6)
  17 anacondas
  5 tengu warriors
  12 deep troll shamans
  5 orc high priests (Orc:2)
  5 deep troll earth magi
  8 spriggan berserkers
  14 naga sharpshooters
  Nergalle (D:12)
  5 hell knights (Vaults:2)
  3 sun demons
  A soul eater (Depths:3)
  33 deep elf knights
  9 shock serpents
  Sonja (D:13)
  A salamander mystic (Snake:2)
  8 iron trolls
  A fire crab (shapeshifter) (Vaults:1)
  2 spriggan druids (Swamp:4)
  3 flayed ghosts
  The ghost of Matius the Chopper, a novice GnCK of Xom (D:6)
  An unseen horror (shapeshifter) (D:13)
  7 unseen horrors
  5 glowing orange brains
  11 swamp dragons
  26 deep trolls
  11 wizards
  A death drake (shapeshifter) (Vaults:4)
  25 deep elf archers
  An orange crystal statue (Depths:4)
  8 naga ritualists
  22 ironbrand convokers
  3 necromancers
  2 phantasmal warriors
  A harpy (shapeshifter) (Depths:3)
  81 deep elf magi
  5 shining eyes
  12 orc knights
  10 salamanders
  2 orc sorcerers
  11 mana vipers
  73 ugly things
  2 oklob plants (Lair:5)
  A faun (shapeshifter) (Depths:1)
  A moth of wrath (shapeshifter) (Vaults:5)
  A shining eye (shapeshifter) (Depths:5)
  4 wolf spiders
  6 cyclopes
  19 guardian serpents
  An elephant (D:8)
  12 vault sentinels
  An orange demon (Depths:4)
  A black mamba (shapeshifter) (Depths:3)
  43 black mambas
  2 gargoyles
  35 spiny frogs
  A hellion (Depths:4)
  2 smoke demons (Depths:4)
  A rust devil (Depths:3)
  13 naga magi
  2 eyes of devastation
  5 rime drakes
  2 yaktaurs (shapeshifter)
  6 freezing wraiths
  8 komodo dragons
  A centaur skeleton (D:15)
  A kobold demonologist (D:11)
  A komodo dragon (shapeshifter) (Depths:1)
  A hellwing (Depths:3)
  An ice devil (Depths:2)
  69 yaktaurs
  A jumping spider (shapeshifter) (Vaults:5)
  3 tengu conjurers
  18 tyrant leeches
  A meliai (shapeshifter) (Depths:5)
  10 trolls
  4 polar bears
  A hornet (shapeshifter) (D:15)
  10 hornets
  An ettin zombie (Vaults:4)
  26 blink frogs
  A blink frog (shapeshifter) (Depths:4)
  7 bog bodies
  5 dream sheep
  63 slime creatures
  A meliai zombie (D:11)
  9 hippogriffs
  A frost giant simulacrum (Vaults:3)
  2 centaur simulacra (D:15)
  An air elemental (Elf:3)
  6 spriggans
  6 shadows
  A tarantella (shapeshifter) (D:10)
  2 vampires
  2 wraiths
  10 water elementals
  A fire bat (shapeshifter) (Vaults:5)
  48 yaks
  7 wyverns
  4 basilisks
  3 fire elementals
  11 golden eyes
  A golden eye (shapeshifter) (Depths:4)
  3 hogs (Snake:2)
  A neqoxec (Depths:4)
  23 vampire mosquitoes
  20 humans (D:14)
  A swamp worm (shapeshifter) (Elf:1)
  A soldier ant (D:14)
  13 wargs
  Menkaure (D:4)
  11 swamp worms
  47 nagas
  15 insubstantial wisps
  2 acid dragons (Vaults:1)
  14 water moccasins
  A deep troll skeleton (Vaults:4)
  5 large abominations (D:14)
  10 porcupines
  5 hell hounds
  11 swamp drakes
  31 orc warriors
  4 sky beasts
  7 small abominations (D:14)
  5 ice beasts
  7 eyes of draining
  4 black bears
  2 necrophages (D:7)
  A phantom (D:6)
  29 ogres
  3 boggarts (Vaults:3)
  21 centaurs
  6 wolves
  13 crocodiles
  6 big kobolds
  23 bullfrogs
  A human zombie (Vaults:4)
  A wyvern zombie (D:13)
  Blork the orc (D:6)
  3 wyvern skeletons
  A hornet simulacrum (D:14)
  5 scorpions
  An orc simulacrum (Vaults:1)
  21 killer bees
  A wight (Vaults:2)
  4 howler monkeys
  7 electric eels
  3 centaur zombies
  10 crimson imps
  2 quasits
  2 bullfrog zombies
  2 human simulacra
  6 jellies
  39 orc priests
  2 bullfrog skeletons
  6 hounds
  3 iron imps (D:3)
  30 orc wizards
  Jessica (D:3)
  7 iguanas
  Natasha (thrice) (D:3)
  6 worker ants
  Terence (D:3)
  2 hound skeletons
  A worker ant zombie (D:8)
  11 adders
  11 shadow imps
  4 white imps
  An ufetubus (D:14)
  An ooze (D:3)
  An ooze (shapeshifter) (Vaults:5)
  2 adder skeletons
  A worm (shapeshifter) (Vaults:1)
  A worm (D:2)
  2 dart slugs
  4 leopard geckos
  137 orcs
  7 giant cockroaches
  5 goblins
  6 hobgoblins
  7 jackals
  38 kobolds
  5 quokkas
  2 ball python skeletons (D:4)
  9 bats
  6 frilled lizards
  A jackal skeleton (D:4)
  A leopard gecko skeleton (D:4)
  6 rats
  2 fungi
  15 plants
2397 creatures vanquished.

Vanquished Creatures (others)
  Nikola (Vaults:1)
  A titan (Depths:1)
  2 fire giants
  An ironheart preserver (Vaults:5)
  A deep elf knight (Vaults:5)
  A black mamba (Snake:4)
  A naga (Snake:3)
  An orc wizard (D:5)
  2 orcs
  2 briar patches (Swamp:2)
  9 fungi
  35 plants
57 creatures vanquished.

Grand Total: 2454 creatures vanquished

Notes
Turn   | Place    | Note
-------+----------+-------------------------------------------
     0 | D:1      | protoss039 the Minotaur Fighter began the quest for the
                  | Orb.
     0 | D:1      | Reached XP level 1. HP: 19/19 MP: 0/0
   343 | D:1      | Reached XP level 2. HP: 27/27 MP: 1/1
   914 | D:1      | Reached XP level 3. HP: 32/33 MP: 2/2
  1351 | D:2      | Found an iron altar of Okawaru.
  1372 | D:2      | Became a worshipper of Warmaster Okawaru
  1791 | D:2      | Reached XP level 4. HP: 38/40 MP: 3/3
  2136 | D:3      | Noticed Terence
  2141 | D:3      | Killed Terence
  2251 | D:3      | Noticed Natasha
  2264 | D:3      | Killed Natasha
  2264 | D:3      | Reached XP level 5. HP: 3/47 MP: 4/4
  2639 | D:3      | Noticed Jessica
  2652 | D:3      | Killed Jessica
  2892 | D:3      | Reached skill level 5 in Armour
  3067 | D:3      | Noticed Natasha
  3166 | D:3      | Found a burning altar of Makhleb.
  3186 | D:3      | Reached * piety under Okawaru
  3189 | D:3      | Killed Natasha
  3189 | D:3      | Reached XP level 6. HP: 44/53 MP: 5/5
  3192 | D:3      | Reached skill level 5 in Shields
  3192 | D:3      | Reached skill level 1 in Invocations
  3279 | D:3      | Noticed Natasha
  3290 | D:3      | Killed Natasha
  3290 | D:3      | Reached skill level 5 in Axes
  3351 | D:3      | Found a shimmering blue altar of Sif Muna.
  4329 | D:4      | Noticed Menkaure
  4336 | D:4      | Killed Menkaure
  4336 | D:4      | Reached ** piety under Okawaru
  4336 | D:4      | Reached XP level 7. HP: 44/60 MP: 7/7
  4639 | D:5      | Entered Level 5 of the Dungeon
  4697 | D:5      | Reached skill level 5 in Fighting
  4715 | D:5      | Reached XP level 8. HP: 13/68 MP: 9/9
  4996 | D:5      | Got a pitted quarterstaff
  5716 | D:6      | Reached *** piety under Okawaru
  5784 | D:6      | Noticed Blork the orc
  5792 | D:6      | Killed Blork the orc
  5956 | D:6      | Found a staircase to the Ecumenical Temple.
  6021 | D:6      | Reached XP level 9. HP: 75/75 MP: 11/11
  6031 | D:6      | Found Heomet's General Store.
  6040 | D:6      | Found a transporter.
  6040 | D:6      | Noticed Matius's ghost (novice GnCK)
  6044 | D:6      | Identified the cursed +1 dire flail of the Heavens {freeze,
                  | Int+5 Dex-5}
  6044 | D:6      | Noticed a two-headed ogre
  6046 | D:6      | Found a transporter.
  6142 | D:6      | Reached **** piety under Okawaru
  6430 | D:7      | Found a shadowy altar of Dithmenos.
  6442 | D:7      | Got a twisted chain mail
  6453 | D:7      | Identified the +7 chain mail of the Battered Souls {rN++
                  | MR- Int+3} (You found it on level 7 of the Dungeon)
  6932 | D:7      | Reached skill level 10 in Axes
  6932 | D:7      | Reached skill level 5 in Invocations
  7116 | D:7      | Reached ***** piety under Okawaru
  7460 | D:8      | Noticed a two-headed ogre
  7497 | D:8      | Killed a two-headed ogre
  7497 | D:8      | Reached XP level 10. HP: 41/86 MP: 13/13
  7696 | D:8      | Received a gift from Okawaru
  7948 | D:8      | Found a radiant altar of Vehumet.
  7948 | D:8      | Noticed a two-headed ogre
  7956 | D:8      | Killed a two-headed ogre
  8138 | D:8      | Found an opulent altar of Gozag.
  8139 | D:8      | Found a hazy altar of Hepliaklqana.
  8139 | D:8      | Found a glowing silver altar of Zin.
  8140 | D:8      | Found an ornate altar of the Wu Jian Council.
  8265 | D:8      | Found a blossoming altar of Fedhas.
  8301 | D:8      | Found a staircase to the Lair.
  8545 | D:9      | Noticed a two-headed ogre
  8558 | D:9      | Killed a two-headed ogre
  8638 | D:9      | Found a white marble altar of Elyvilon.
  8689 | D:9      | Found a flagged portal.
  8787 | Bailey   | Entered a bailey
  8856 | Bailey   | Reached XP level 11. HP: 94/94 MP: 15/15
  9359 | Bailey   | Received a gift from Okawaru
 10172 | D:9      | Reached ****** piety under Okawaru
 10443 | D:10     | Entered Level 10 of the Dungeon
 10573 | D:10     | Killed an unseen horror
 10573 | D:10     | Reached skill level 10 in Shields
 10618 | D:10     | Killed an unseen horror
 10715 | D:10     | Noticed a white ugly thing
 10715 | D:10     | Noticed a catoblepas
 10715 | D:10     | Noticed a wizard
 10727 | D:10     | Killed a catoblepas
 10750 | D:10     | Killed a white ugly thing
 10755 | D:10     | Noticed a centaur warrior
 10767 | D:10     | Killed a wizard
 10767 | D:10     | Reached skill level 10 in Armour
 10775 | D:10     | Killed a centaur warrior
 11188 | D:10     | Received a gift from Okawaru
 11312 | D:10     | Found a staircase to the Orcish Mines.
 11614 | D:11     | Reached XP level 12. HP: 106/106 MP: 17/17
 11641 | D:11     | Reached skill level 10 in Fighting
 11722 | D:11     | Noticed a two-headed ogre
 11731 | D:11     | Killed a two-headed ogre
 12349 | D:11     | Received a gift from Okawaru
 12364 | D:11     | Got a glimmering broad axe {god gift}
 12365 | D:11     | Identified the +9 broad axe of Rubbish {venom, rPois MP+9
                  | Int+2} (Okawaru gifted it to you on level 11 of the
                  | Dungeon)
 13195 | D:11     | Found Iqa Tupn's Food Boutique.
 13780 | D:12     | Noticed Nergalle
 13790 | D:12     | Killed Nergalle
 14269 | D:13     | Noticed an eight-headed hydra
 14366 | D:13     | Noticed a two-headed ogre
 14373 | D:13     | Killed a two-headed ogre
 14434 | D:13     | Reached XP level 13. HP: 77/117 MP: 19/19
 14803 | D:13     | Noticed Sonja
 14808 | D:13     | Killed Sonja
 14808 | D:13     | Received a gift from Okawaru
 15177 | D:13     | Identified a scroll of acquirement
 15178 | D:13     | Acquired 2170 gold pieces
 15194 | D:14     | Reached skill level 15 in Axes
 15295 | D:14     | Paralysed by a wizard for 2 turns
 15302 | D:14     | Reached skill level 10 in Invocations
 15911 | D:14     | Received a gift from Okawaru
 15915 | D:14     | Got a buzzing battleaxe {god gift}
 15942 | D:14     | Found a gate to the Vaults.
 16367 | D:14     | Found Taustrie's General Store.
 16375 | D:14     | Bought a potion of heal wounds for 65 gold pieces
 16611 | D:14     | Acquired the +9 plate armour of the Eight Boll Weevils {rF+
                  | Int+4 Slay+3}
 16683 | D:15     | Entered Level 15 of the Dungeon
 16756 | D:15     | Received a gift from Okawaru
 16768 | D:15     | Got a shimmering hat {god gift}
 16775 | D:15     | Identified the +0 hat of the Shining Light {rF+ Int+5}
                  | (Okawaru gifted it to you on level 15 of the Dungeon)
 16857 | D:15     | Reached XP level 14. HP: 64/130 MP: 20/20
 17126 | D:15     | Paralysed by an orc sorcerer for 2 turns
 17698 | D:15     | Found a staircase to the Depths.
 18321 | D:6      | Bought a scroll of teleportation for 42 gold pieces
 18341 | D:6      | Killed Matius's ghost
 18452 | Lair:1   | Entered Level 1 of the Lair of Beasts
 18813 | Lair:1   | Reached skill level 15 in Fighting
 19731 | D:8      | Received a gift from Okawaru
 19732 | D:8      | Got a steaming trident {god gift}
 19734 | D:8      | Identified the +2 trident of Itzeohyo {venom, rC- rN+ MP+9}
                  | (Okawaru gifted it to you on level 8 of the Dungeon)
 19740 | D:8      | Identified the +9 battleaxe of a volcano {pain, rN+ Str+2}
                  | (Okawaru gifted it to you on level 14 of the Dungeon)
 20897 | Lair:3   | Noticed Rupert
 20913 | Lair:3   | Killed Rupert
 21255 | Lair:3   | Found a staircase to the Snake Pit.
 21256 | Lair:3   | Noticed Gastronok
 21298 | Lair:3   | Killed Gastronok
 21950 | Lair:4   | Received a gift from Okawaru
 22307 | Lair:4   | Found a staircase to the Swamp.
 22311 | Lair:4   | Reached XP level 15. HP: 140/145 MP: 21/21
 22465 | Lair:4   | You fall into a shaft and drop 1 floor!
 23231 | Lair:5   | Got a pair of distressingly furry boots
 23246 | Lair:5   | Identified the cursed -2 pair of boots "Qingoumm" {MR+
                  | Int+4} (You found it on level 5 of the Lair of Beasts)
 23246 | Lair:5   | Acquired a manual of Axes
 23865 | Lair:6   | Entered Level 6 of the Lair of Beasts
 23943 | Lair:6   | Received a gift from Okawaru
 23944 | Lair:6   | Got a pair of distressingly furry gloves {god gift}
 24205 | Lair:6   | Reached skill level 15 in Shields
 24262 | Lair:6   | Identified the +2 pair of gloves of Agocvofi {rElec rPois
                  | rC- Dex+2} (Okawaru gifted it to you on level 6 of the Lair
                  | of Beasts)
 24534 | Lair:6   | Noticed Snorg
 24548 | Lair:6   | Killed Snorg
 25580 | Lair:5   | Found a staircase to the Slime Pits.
 25980 | Orc:1    | Entered Level 1 of the Orcish Mines
 26041 | Orc:2    | Entered Level 2 of the Orcish Mines
 26296 | Orc:2    | Received a gift from Okawaru
 26296 | Orc:2    | Reached XP level 16. HP: 69/165 MP: 22/22
 26352 | Orc:2    | Reached skill level 15 in Armour
 26682 | Orc:2    | Found a roughly hewn altar of Beogh.
 26720 | Orc:2    | Found Uti Qyxa's Jewellery Shop.
 26720 | Orc:2    | Found Amuujaam's Distillery.
 26734 | Orc:2    | Bought a potion of brilliance for 60 gold pieces
 26734 | Orc:2    | Bought a potion of curing for 45 gold pieces
 26734 | Orc:2    | Bought a potion of magic for 120 gold pieces
 26734 | Orc:2    | Bought a potion of curing for 45 gold pieces
 26769 | Orc:2    | Found a staircase to the Elven Halls.
 26804 | Orc:2    | Found Zauneaqi's Gadget Shop.
 26804 | Orc:2    | Found Ruiru's Distillery.
 26852 | Orc:2    | Bought 2 potions of haste for 260 gold pieces
 26852 | Orc:2    | Bought a potion of berserk rage for 65 gold pieces
 26852 | Orc:2    | Bought 2 potions of resistance for 260 gold pieces
 27725 | Swamp:1  | Entered Level 1 of the Swamp
 28542 | Swamp:2  | Noticed a thorn hunter
 28571 | Swamp:2  | Killed a thorn hunter
 28979 | Swamp:2  | Reached XP level 17. HP: 176/176 MP: 23/23
 29576 | Swamp:2  | Noticed Frances
 29587 | Swamp:2  | Killed Frances
 30219 | Swamp:2  | Received a gift from Okawaru
 30513 | Swamp:3  | Noticed Louise
 30525 | Swamp:3  | Killed Louise
 30708 | Swamp:3  | Noticed Jorgrun
 30964 | Swamp:3  | Killed Jorgrun
 30975 | Swamp:3  | Noticed Mara
 31005 | Swamp:3  | Killed Mara
 31554 | Swamp:4  | Entered Level 4 of the Swamp
 31837 | Swamp:4  | Received a gift from Okawaru
 31838 | Swamp:4  | Got a pair of scorched gloves {god gift}
 31853 | Swamp:4  | Identified the +2 pair of gloves of the Black Moon
                  | {*Corrode rElec Dex+4} (Okawaru gifted it to you on level 4
                  | of the Swamp)
 31944 | Swamp:4  | Reached XP level 18. HP: 188/188 MP: 24/24
 32174 | Swamp:4  | Noticed the 27-headed Lernaean hydra
 32431 | Snake:1  | Entered Level 1 of the Snake Pit
 33712 | Snake:2  | Noticed Aizul
 33713 | Snake:2  | Noticed Vashnia
 33726 | Snake:2  | Killed Aizul
 33749 | Snake:2  | HP: 3/190 [naga sharpshooter/arrow[Vashnia] (9)]
 33753 | Snake:2  | Killed Vashnia
 34299 | Snake:2  | Noticed Kirke
 34312 | Snake:2  | Killed Kirke
 34894 | Snake:2  | Found a shimmering blue altar of Sif Muna.
 35546 | Snake:3  | Received a gift from Okawaru
 35626 | Snake:3  | Got a bone executioner's axe {god gift}
 35632 | Snake:3  | Identified the +7 executioner's axe of Okawaru's Supremacy
                  | {vorpal, rC+} (Okawaru gifted it to you on level 3 of the
                  | Snake Pit)
 36132 | Snake:3  | Found Uwke Zeta's Armour Shop.
 37332 | D:14     | Bought an uncursed amulet of regeneration for 390 gold
                  | pieces
 37630 | Snake:4  | Entered Level 4 of the Snake Pit
 37659 | Snake:4  | Upgraded the game from 0.25.0-46-gbd7b0854d2 to
                  | 0.25.1-1-g288607f5aa
 37802 | Snake:4  | Identified the +2 plate armour of the Elven Halls {rElec
                  | rF- Int+5} (You found it on level 4 of the Snake Pit)
 37812 | Snake:4  | Acquired an uncursed ring of see invisible
 37826 | Snake:4  | Acquired 4840 gold pieces
 37886 | Snake:4  | Noticed Donald
 37893 | Snake:4  | Killed Donald
 37906 | Snake:4  | Received a gift from Okawaru
 37906 | Snake:4  | Reached XP level 19. HP: 129/203 MP: 25/25
 38210 | Snake:4  | Paralysed by a naga ritualist for 3 turns
 38726 | Snake:4  | Received a gift from Okawaru
 38727 | Snake:4  | Got a blackened rapier {god gift}
 38729 | Snake:4  | Identified the +10 rapier "Wesk" {protect, rElec MR+ Int+3
                  | Stlth+} (Okawaru gifted it to you on level 4 of the Snake
                  | Pit)
 38761 | Snake:4  | Found Jeckaow's Antique Armour Emporium.
 39208 | Snake:4  | Reached skill level 27 in Fighting
 39485 | Snake:4  | Got a serpentine rune of Zot
 39905 | Swamp:4  | Received a gift from Okawaru
 40495 | Swamp:4  | Got a decaying rune of Zot
 40879 | Orc:2    | Bought an uncursed ring of protection from magic for 375
                  | gold pieces
 41154 | Snake:4  | Bought a pair of glowing gloves for 247 gold pieces
 41555 | Elf:1    | Entered Level 1 of the Elven Halls
 41791 | Elf:1    | Noticed a Brimstone Fiend
 41830 | Elf:1    | Identified the +2 dagger of Causality {vorpal, +Rage +Inv}
                  | (You found it on level 1 of the Elven Halls)
 42221 | Elf:1    | Noticed Azrael
 42247 | Elf:1    | Killed Azrael
 42352 | Elf:1    | Noticed Agnes
 42363 | Elf:1    | Killed Agnes
 42393 | Elf:1    | Found Qovyli's Magic Scroll Shop.
 42396 | Elf:1    | Bought a scroll of brand weapon for 240 gold pieces
 42396 | Elf:1    | Bought a scroll of magic mapping for 42 gold pieces
 42396 | Elf:1    | Bought a scroll of teleportation for 36 gold pieces
 42396 | Elf:1    | Bought a scroll of identify for 24 gold pieces
 42396 | Elf:1    | Bought a scroll of enchant weapon for 90 gold pieces
 42396 | Elf:1    | Bought a scroll of identify for 24 gold pieces
 42396 | Elf:1    | Bought a scroll of identify for 24 gold pieces
 43311 | Elf:2    | Reached XP level 20. HP: 216/216 MP: 26/26
 43467 | Elf:2    | Found a runed translucent gate.
 43467 | Elf:2    | Found a runed translucent gate.
 43467 | Elf:2    | Found a runed translucent gate.
 43958 | Elf:2    | Received a gift from Okawaru
 44691 | Elf:3    | Entered Level 3 of the Elven Halls
 44856 | Elf:3    | Received a gift from Okawaru
 45954 | Elf:3    | Identified the ring of Rant {+Fly rElec rN+++ Str+6 Int-2}
 46449 | Elf:3    | Identified the Catalogue of Mutagenic Enchantment
 46490 | Elf:3    | Found the amulet of the Air {Inacc +Fly rElec EV+5 RMsl}
 46493 | Elf:3    | Identified the Tome of Contamination and Heat
 46908 | Vaults:1 | Entered Level 1 of the Vaults
 46965 | Vaults:1 | You fall into a shaft and drop 1 floor!
 47229 | Vaults:2 | Found a staircase to the Crypt.
 47468 | Vaults:2 | Noticed Margery
 47482 | Vaults:2 | Killed Margery
 47482 | Vaults:2 | Reached XP level 21. HP: 171/224 MP: 27/27
 47486 | Vaults:2 | Received a gift from Okawaru
 48635 | Vaults:1 | Noticed Nikola
 48644 | Vaults:1 | Killed Nikola
 49705 | Vaults:1 | Received a gift from Okawaru
 50495 | Vaults:3 | Identified the Reference Book on Earth and Enchantment
 51080 | Vaults:3 | Reached XP level 22. HP: 233/233 MP: 28/28
 51151 | Vaults:4 | Reached XP level 23. HP: 190/240 MP: 29/29
 51153 | Vaults:4 | Received a gift from Okawaru
 51431 | Vaults:4 | Received a gift from Okawaru
 52814 | Vaults:4 | Reached XP level 24. HP: 248/248 MP: 29/29
 52815 | Vaults:4 | Reached XP level 25. HP: 256/256 MP: 29/29
 52818 | Vaults:5 | Entered Level 5 of the Vaults
 52843 | Vaults:5 | Received a gift from Okawaru
 52845 | Vaults:5 | Reached skill level 27 in Armour
 52848 | Vaults:5 | Gained mutation: Your spells are a little easier to cast,
                  | but a little less powerful. [a cacodemon]
 53386 | Vaults:5 | Identified the ring "Nipicw" {rPois rC++ rN++ Int+2}
 53617 | Vaults:5 | Got a silver rune of Zot
 53866 | Vaults:5 | Identified the +3 long sword of Miriath {vorpal, rN+++
                  | Int-3}
 53874 | Vaults:5 | Reached XP level 26. HP: 230/266 MP: 29/29
 53962 | Vaults:5 | Received a gift from Okawaru
 54320 | Vaults:5 | Found the +6 arbalest "Damnation" {damnation}
 54399 | Vaults:5 | Identified the +6 quarterstaff of Lew Tef {freeze, Str+4}
 54418 | Vaults:5 | Identified the +6 mace of Carved Exoneration {vorpal, rPois
                  | MR+} (You found it on level 5 of the Vaults)
 54438 | Vaults:5 | Identified the +11 mace of Dimnoakhlon {antimagic, rC++}
 54663 | Vaults:5 | Identified Ockyl's Disquisition on Good Luck and Necromancy
 54681 | Vaults:5 | Got a pair of masterwork gloves
 54687 | Vaults:5 | Identified the +0 pair of gloves of Aronkeul {-Cast Harm
                  | Dex+7 SInv} (You found it on level 5 of the Vaults)
 55350 | Depths:1 | Entered Level 1 of the Depths
 55525 | Depths:1 | Found a gateway to a ziggurat.
 56071 | Depths:1 | Found a gateway to Hell.
 56401 | Depths:2 | Received a gift from Okawaru
 57086 | Depths:2 | Found a one-way gate to the infinite horrors of the Abyss.
 57662 | Depths:2 | Found a white marble altar of Elyvilon.
 57662 | Depths:2 | Found a glowing silver altar of Zin.
 57663 | Depths:2 | Found a glowing golden altar of the Shining One.
 57670 | Depths:2 | Received a gift from Okawaru
 57979 | Depths:2 | Reached XP level 27. HP: 225/273 MP: 29/29
 58006 | Depths:2 | Found a stormy altar of Qazlal.
 58867 | Depths:3 | Noticed Mennas
 59092 | Depths:3 | Noticed a juggernaut
 59093 | Depths:3 | Noticed Bai Suzhen
 59105 | Depths:3 | Killed Bai Suzhen
 59105 | Depths:3 | Received a gift from Okawaru
 59119 | Depths:3 | Killed a juggernaut
 59319 | Depths:3 | Identified the +5 hand axe of Conflict {freeze, +Blink +Inv
                  | rElec}
 59319 | Depths:3 | Identified the cursed ring "Kagoh" {rF++ rC- MR- Str+3
                  | Slay-4}
 59472 | Depths:3 | Identified the cursed +2 long sword "Sagafim" {pain, rPois
                  | rN++ Stlth-} (You found it on level 3 of the Depths)
 59641 | Depths:2 | Fell from the grace of Okawaru
 59642 | Depths:2 | Became a worshipper of the Shining One
 60212 | Depths:3 | Reached * piety under the Shining One
 60225 | Depths:3 | Found a one-way gate leading to the halls of Pandemonium.
 60883 | Depths:4 | Reached ** piety under the Shining One
 61046 | Depths:4 | Killed Mennas
 61124 | Depths:4 | Reached skill level 27 in Shields
 61130 | Depths:4 | Noticed a juggernaut
 61144 | Depths:4 | Killed a juggernaut
 61149 | Depths:4 | Reached skill level 5 in Maces & Flails
 61325 | Depths:4 | Noticed a juggernaut
 61337 | Depths:4 | Killed a juggernaut
 61638 | Depths:4 | Found the ring of the Mage {Wiz MR++ Int+3}
 61721 | Depths:5 | Entered Level 5 of the Depths
 61725 | Depths:5 | Reached *** piety under the Shining One
 61739 | Depths:5 | Gained mutation: Scrolls take you a little longer to read.
                  | [a shining eye]
 61964 | Depths:5 | Found a gate to the Realm of Zot.
 62439 | Depths:5 | Noticed Jory
 62447 | Depths:5 | Killed Jory
 62588 | Depths:5 | Reached **** piety under the Shining One
 63674 | Slime:1  | Entered Level 1 of the Pits of Slime
 63695 | Slime:1  | Gained mutation: You occasionally shout uncontrollably at
                  | your foes. [a shining eye]
 63835 | Slime:3  | Gained mutation: Your body sometimes deteriorates upon
                  | taking damage. [a shining eye]
 63836 | Slime:3  | Gained mutation: Scrolls take you longer to read. [a
                  | shining eye]
 63839 | Slime:3  | Gained mutation: Your spells are easier to cast, but less
                  | powerful. [a shining eye]
 63841 | Slime:3  | Gained mutation: Your magical capacity is low. (-10% MP) [a
                  | shining eye]
 63842 | Slime:3  | Gained mutation: Your magical capacity is very low. (-20%
                  | MP) [a shining eye]
 63844 | Slime:3  | Reached skill level 15 in Invocations
 63940 | Slime:4  | Gained mutation: You are frail. (-10% HP) [a shining eye]
 63942 | Slime:4  | Gained mutation: You are very frail. (-20% HP) [a shining
                  | eye]
 63964 | Slime:4  | Lost mutation: Your body sometimes deteriorates upon taking
                  | damage. [potion of mutation]
 63964 | Slime:4  | Lost mutation: Your spells are easier to cast, but less
                  | powerful. [potion of mutation]
 63964 | Slime:4  | Lost mutation: Scrolls take you longer to read. [potion of
                  | mutation]
 63964 | Slime:4  | Lost mutation: You are very frail. (-20% HP) [potion of
                  | mutation]
 63964 | Slime:4  | Gained mutation: You are clumsy. (Dex -2) [potion of
                  | mutation]
 63964 | Slime:4  | Gained mutation: You are resistant to electric shocks.
                  | (rElec) [potion of mutation]
 64014 | Slime:5  | Entered Level 5 of the Pits of Slime
 64029 | Slime:5  | Gained mutation: You are weak. (Str -2) [a shining eye]
 64031 | Slime:5  | Gained mutation: You sometimes yell uncontrollably at your
                  | foes. [a shining eye]
 64032 | Slime:5  | Lost mutation: You are frail. (-10% HP) [a shining eye]
 64033 | Slime:5  | Gained mutation: Armour fits poorly on your strangely
                  | shaped body. [a shining eye]
 64069 | Slime:5  | Reached ***** piety under the Shining One
 64266 | Slime:5  | Gained mutation: You are occasionally teleported next to
                  | monsters. [a shining eye]
 64268 | Slime:5  | Gained mutation: You are frail. (-10% HP) [a shining eye]
 64376 | Slime:5  | Noticed the Royal Jelly
 64652 | Slime:5  | HP: 9/245 [acid blob[the Royal Jelly] (15)]
 64652 | Slime:5  | HP: 4/245 [acid[the Royal Jelly] (5)]
 64652 | Slime:5  | The Shining One protects you from harm!
 64652 | Slime:5  | The Shining One protects you from harm!
 64652 | Slime:5  | Slain by an azure jelly

Illustrated notes

Levels and vault maps discovered:
D:1:      minmay_arrival_doors, layout_basic, chequers_mini_garden,
          minmay_distorted
D:2:      layout_loops_corners, okawaru_gym_becter
D:3:      layout_basic, demons_altar, lemuel_blue_sif_altar, first_ration,
          hangedman_feature_mirror, uniq_terence, uniq_natasha, uniq_jessica
D:4:      layout_loops_ring, minmay_misc_feat_pillars, uniq_crazy_yiuf_cottage,
          uniq_menkaure
D:5:      layout_loops_ring
D:6:      layout_loops_cross, minmay_temple_entry_glass, serial_shops,
          kennysheep_mini_moat, gammafunk_ghost_smash, minmay_bent,
          uniq_blork_the_orc
D:7:      layout_loops_cross, basic_altar, the_bakery
D:8:      layout_loops_ring, nicolae_overflow_crystal_walls,
          chequers_temple_overflow_statue_of_worship,
          lemuel_coloured_pillars_altar, david_lair_generic
D:9:      kennysheep_kobold_camp, layout_rooms, enter_bailey_2, elyvilon_altar_1
D:10:     minmay_the_grid_triangle_9x9_recursive_2
          [minmay_the_grid_triangle_9x9_prize_top_heavy,
          minmay_the_grid_triangle_9x9_longest,
          minmay_the_grid_triangle_9x9_wacky_v,
          minmay_the_grid_triangle_9x9_corruption], layout_rooms, orc_0_dummy,
          serial_glass, glass_columns_c, glass_columns_b
D:11:     lemuel_troll_bridge, layout_irregular_city, serial_shops, shop
D:12:     layout_irregular_city, uniq_nergalle
D:13:     layout_loops_ring, nicolae_water_bricks, grunt_decor_cap, uniq_sonja
D:14:     layout_rooms, grunt_vaults_entry_tiered, hangedman_decor_slide_cut,
          serial_shops, nicolae_shop_trees, serial_ice, serial_ice_e,
          serial_ice_g, serial_ice_c, serial_ice_m, serial_ice_h, laboratory
D:15:     hangedman_depths_entry_civil_slaughter, layout_basic,
          nicolae_twisting_strands
Lair:1:   layout_gridlike, serial_forest, infiniplex_forest_clump_long,
          infiniplex_forest_clump_large, infiniplex_forest_lined_room_2,
          infiniplex_forest_straight_1, infiniplex_forest_clump_small,
          grunt_megastairs_4, serial_bayou_shore_a
Lair:2:   layout_roguey, wad_woods_road_03, beast_lair_carwin_2
Lair:3:   layout_cave_pods, guppyfry_snake_entry_island, lemuel_fruit_tree,
          uniq_gastronok, uniq_rupert
Lair:4:   layout_hall_layers, minmay_swamp_entry_swarm, grunt_megastairs_1,
          lemuel_fruit_fields
Lair:5:   layout_misc_corridors, minmay_slime_entry_oklob_enclosed,
          nzn_random_ring
Lair:6:   minmay_lair_end_frog_pond, layout_cave_pods, enter_volcano_3,
          lemuel_fruit_fields, uniq_snorg
Swamp:1:  layout_basic_swamp, evilmike_swamp_ruin_house_1
Swamp:2:  layout_basic_swamp, evilmike_swamp_ruin_rubble_2, uniq_frances
Swamp:3:  layout_basic_swamp, evilmike_swamp_ruin_house_5, swamp_pool1,
          uniq_louise, uniq_mara, uniq_jorgrun
Swamp:4:  swamp_old_school, layout_basic_swamp, swamp_pool3
Snake:1:  layout_basic, drop_trap
Snake:2:  layout_chambers, basic_altar, uniq_vashnia, uniq_aizul, uniq_kirke
Snake:3:  layout_chambers, serial_shops, nicolae_shop_crystal
Snake:4:  grunt_snake_rune_serpentine_throne, layout_rooms, serial_shops, shop,
          serial_bayou_pond_e, uniq_donald
Slime:1:  layout_caves
Slime:2:  layout_caves
Slime:3:  layout_caves
Slime:4:  layout_caves
Slime:5
Orc:1:    layout_diamond_mine
Orc:2:    st_orc_town, layout_caves
Elf:1:    elf_arrival_001, layout_gridlike, serial_shops,
          nicolae_shop_behind_doors, hangedman_elf_represent, uniq_agnes,
          uniq_azrael
Elf:2:    layout_geoelf_octagon, serial_glass, glass_columns_b, glass_columns_b
Elf:3:    grunt_elf_hall_diamonds, layout_gridlike, kb_rosetta
Vaults:1: st_star, grunt_vaults_swirl, layout_vaults_omnigrid, uniq_nikola
Vaults:2: minmay_crypt_entry_simple_corners, vaults_mumra_lcd, v_misc_9,
          hangedman_vaults_restitches, v_misc_17, grunt_vaults_focal, v_misc_12,
          grunt_vaults_hallway_long, v_misc_15, nicolae_vaults_yaktaur_gun_rack,
          layout_vaults_chaotic_city, uniq_margery
Vaults:3: nicolae_vaults_little_squares_6, ontoclasm_vaults_bender, v_rooms_3,
          st_eye, v_misc_19, vaults_room_fours, grunt_vaults_diagonal,
          v_misc_23, nicolae_vaults_sealed_display, nicolae_vaults_asterisk,
          layout_vaults_omnibox
Vaults:4: nicolae_vaults_big_angled_halls, nicolae_vaults_network_star,
          nicolae_vaults_quartermaster, nicolae_vaults_shelves_hall,
          vaults_room_ringed_pool, nicolae_vaults_little_squares_5,
          vaults_room_door_ring, nicolae_vaults_big_ls,
          grunt_vaults_hallway_long, ontoclasm_vaults_chip,
          nicolae_vaults_diagonal_hallway_7, layout_vaults_omnicross
Vaults:5
Depths:1: layout_honeycomb, enter_ziggurat_e, kennysheep_doodads,
          lightli_too_deep, lemuel_old_faithful
Depths:2: regret_index_qazlal_generations, layout_basic, serial_sigils,
          serial_sigils_hangedman_gnaw, serial_sigils_hangedman_quiver,
          serial_sigils_hangedman_stare, abyss_entry, hangedman_coc_ice_floe,
          st_stairs_3, hallowed_hall
Depths:3: hangedman_box_tower, layout_cave_shapes, hell_entry,
          grunt_pan_entry_sceptre, marbit_kobold_abyss_entry,
          hangedman_abyss_or_decor_jellyfish_corner, uniq_mennas,
          uniq_bai_suzhen
Depths:4: cell_vault, layout_cave_pools, hell_entry, minmay_misc_feat_square,
          abyss_entry, rand_demon_pan_entry_1, minmay_protected_statue,
          infiniplex_staircase_zigzag_5
Depths:5: grunt_crosshair, layout_gridlike, grunt_decor_resistance, hell_entry,
          due_unseen_surprise, grunt_megastairs_3, uniq_jory

Skill      XL: |  1  2  3  4  5  6  7  8  9 10 11 12 13 14 15 16 17 18 19 20 21 22 23 24 25 26 27 |
---------------+----------------------------------------------------------------------------------+-----
Armour         | 4 5 6 7 9 10 11 12 13 14 16 17 18 21 24 26 27 | 27.0
Shields        | 4 5 6 7 9 10 12 13 15 18 23 27 | 27.0
Fighting       | 4 5 6 7 8 9 11 13 16 20 22 23 25 27 | 27.0
Axes           | 3 4 6 7 9 11 12 13 14 16 18 21 23 | 23.0
Invocations    | 2 3 4 5 7 8 9 10 16 | 16.4
Maces & Flails | 9 |  9.0
Short Blades   | |  0.3

Action                   |  1- 3 |  4- 6 |  7- 9 | 10-12 | 13-15 | 16-18 | 19-21 | 22-24 | 25-27 || total
-------------------------+-------+-------+-------+-------+-------+-------+-------+-------+-------++-------
Melee: War axe           |    83 |   161 |   273 |       |       |       |       |       |       ||   517
       Headbutt          |    11 |    29 |    62 |   175 |   217 |   223 |   357 |    68 |   651 ||  1793
       Hand axe          |       |       |     7 |   647 |       |       |       |       |       ||   654
       Broad axe         |       |       |       |   137 |   875 |   841 |  1244 |   227 |  1753 ||  5077
       Rapier            |       |       |       |       |    50 |    42 |    21 |       |       ||   113
       Demon blade       |       |       |       |       |       |     1 |       |       |       ||     1
       Executioner's axe |       |       |       |       |       |    13 |       |       |       ||    13
Invok: Heroism           |       |       |       |     3 |     5 |     3 |     3 |       |     2 ||    16
       Finesse           |       |       |       |     2 |     3 |     1 |     4 |       |     2 ||    12
       Divine Shield     |       |       |       |       |       |       |       |       |     5 ||     5
       Summon Divine War |       |       |       |       |       |       |       |       |     1 ||     1
       Renounce Religion |       |       |       |       |       |       |       |       |     1 ||     1
 Abil: Evoke Flight      |       |       |       |     8 |       |       |       |       |     1 ||     9
       Stop Flying       |       |       |       |     6 |       |       |       |       |       ||     6
Evoke: Wand              |       |       |       |       |    12 |       |       |       |     1 ||    13
  Use: Potion            |       |     1 |       |       |     1 |     6 |     4 |     2 |     8 ||    22
       Scroll            |       |       |    15 |     6 |    11 |     9 |     9 |     1 |    17 ||    68
 Stab: Invisible         |       |       |       |       |       |     8 |       |       |       ||     8
       Distracted        |       |       |       |       |       |       |       |     1 |       ||     1
  Eat: Chunk             |     3 |     8 |    11 |    22 |    39 |    24 |    29 |     5 |    32 ||   173
       Ration            |       |       |       |       |       |     4 |     4 |       |     2 ||    10
Armor: Scale mail        |    33 |    10 |       |       |       |       |       |       |       ||    43
       Chain mail        |       |    58 |    42 |    10 |       |       |       |       |       ||   110
       Crystal plate arm |       |       |   192 |   318 |   110 |       |       |       |       ||   620
       Plate armour      |       |       |       |       |   327 |   636 |   695 |    73 |   761 ||  2492
Dodge: Dodged            |    35 |    44 |    35 |   138 |   277 |   221 |   243 |    46 |   319 ||  1358
Block: Kite shield       |    48 |    91 |   143 |   397 |   512 |   545 |   692 |   104 |  1406 ||  3938
